 Dungeon Crawl Stone Soup version 0.27.1 (webtiles) character file.

Game seed: 12966722689799581992

10 Sabo the Ducker (level 2, -2/22 HPs)
             Began as a Demonspawn Gladiator on Aug 22, 2021.
             Succumbed to a goblin's poison
             ... on level 1 of the Dungeon.
             The game lasted 00:05:43 (992 turns).

Sabo the Ducker (Demonspawn Gladiator)               Turns: 992, Time: 00:05:43

Health: -2/22      AC:  4    Str: 14    XL:     2   Next: 10%
Magic:  2/2        EV: 12    Int:  9    God:
Gold:   28         SH:  0    Dex: 14    Spells: 1/1 levels left

rFire    . . .     SeeInvis .   a - +0 war axe
rCold    . . .     Faith    .   (no shield)
rNeg     . . .     Spirit   .   b - +0 leather armour
rPois    .         Reflect  .   c - +0 helmet
rElec    .         Harm     .   (no cloak)
rCorr    .         Rampage  .   (no gloves)
Will     .....                  (no boots)
Stlth    +.........             (no amulet)
HPRegen  0.07/turn              (no ring)
MPRegen  0.08/turn              (no ring)

@: lethally poisoned (-2 -> -18)
A: ignite blood 1
a: no special abilities


You were on level 1 of the Dungeon.
You visited 1 branch of the dungeon, and saw 1 of its levels.

You collected 28 gold pieces.

Inventory:

Hand Weapons
 a - a +0 war axe (weapon)
 f - a +0 hunting sling
Missiles
 d - 3 throwing nets (quivered)
Armour
 b - a +0 leather armour (worn)
 c - a +0 helmet (worn)
Scrolls
 e - a scroll of blinking {unknown}
 g - a scroll of immolation {unknown}
 h - a scroll of identify {unknown}


   Skills:
 + Level 2.0 Fighting
 + Level 2.8 Axes
 + Level 1.9 Throwing
 + Level 3.0 Dodging


You had one spell level left.
You didn't know any spells.
Your spell library was empty.

Dungeon Overview and Level Annotations

Branches:
Dungeon (1/15)

Altars:

Shops:
D:1 [=*


Innate Abilities, Weirdness & Mutations

Your demonic aura sometimes causes spilled blood to erupt in flames.


Message History

You slash the kobold!
You kill the kobold!
Things that are here:
a +0 short sword; 5 stones; a kobold corpse You start resting.
HP restored.
There is a stone staircase leading down here.
There is a stone staircase leading down here.
Found a stone staircase leading down.
Found Enamm's General Store.
There is an entrance to Enamm's General Store here.
A goblin comes into view. It is wielding a +2 dagger of venom.
The goblin shouts!
An endoplasm comes into view.
The endoplasm quivers.
The goblin barely misses you.
You closely miss the goblin.
The goblin hits you with a +2 dagger of venom.
You barely miss the goblin. The goblin barely misses you.
The goblin hits you with a +2 dagger of venom.
You closely miss the goblin.
The goblin hits you with a +2 dagger of venom.
You are poisoned.
You hit the goblin.
The goblin is severely wounded.
You feel very sick. The goblin closely misses you.
You closely miss the goblin.
The goblin is heavily wounded.
You hit the endoplasm.
You feel sick. The goblin hits you but does no damage.
The endoplasm freezes you.
You are frozen.
* * * LOW HITPOINT WARNING * * *
The goblin hits you with a +2 dagger of venom.
* * * LOW HITPOINT WARNING * * *
You are more poisoned.
You barely miss the goblin.
The goblin is heavily wounded.
Your leather armour prevents you from hitting the endoplasm.
You die...

############
#..........#########
#....@.###.#>......##
#...Jg...#.#.#.∩.#..#
#......#.#.#.....##.#
#......#.#.#####.##.#
#......# #.#.....##.#
........#
#.#.##.###.##
.........#
#.#.##.)..>.#
.........#
#.#.##.######
#.#.####


You could see an endoplasm and a goblin.

Vanquished Creatures
  A ball python (D:1)
  2 giant cockroaches (D:1)
  A hobgoblin (D:1)
  2 kobolds (D:1)
  A quokka (D:1)
  A bat (D:1)
  A rat (D:1)
9 creatures vanquished.

Notes
Turn   | Place    | Note
-------+----------+-------------------------------------------
     0 | D:1      | Sabo the Demonspawn Gladiator began the quest for the Orb.
     0 | D:1      | Reached XP level 1. HP: 16/16 MP: 1/1
    29 | D:1      | Found Nieram's Armour Boutique.
   328 | D:1      | Found Dixkauc's Jewellery Boutique.
   588 | D:1      | Reached skill level 3 in Dodging
   593 | D:1      | Gained mutation: Your demonic aura sometimes causes spilled
                  | blood to erupt in flames. [demonic ancestry]
   593 | D:1      | Reached XP level 2. HP: 19/22 MP: 2/2
   927 | D:1      | Found Enamm's General Store.
   992 | D:1      | Succumbed to a goblin's poison

Illustrated notes

Levels and vault maps discovered:
D:1:      ebering_hopf_link, layout_basic, hellmonk_ecumenical_altar_blasted,
          serial_shops, shop_fountains, shop, nicolae_shop_stone,
          nicolae_diamond_shop

Skill      XL: |  1 |
---------------+----+-----
Dodging        | 3 |  3.0
Fighting       | |  2.0
Axes           | |  2.8
Throwing       | |  1.9

Action                   || total
-------------------------++-------
Melee: War axe           ||    35
Armor: Leather armour    ||    16
Dodge: Dodged            ||    24
